 Dungeon Crawl Stone Soup version 0.21-a0-344-g2144152 (webtiles) character file.

111 Amnesiac the Digger (level 4, 0/32 HPs)
             Began as a Gnoll Earth Elementalist on Oct 4, 2017.
             Slain by an orc
             ... wielding a +0 dagger
              (3 damage)
             ... on level 3 of the Dungeon.
             The game lasted 00:02:29 (840 turns).

Amnesiac the Digger (Gnoll Earth Elementalist)       Turns: 840, Time: 00:02:29

Health: 0/32       AC:  2    Str: 10    XL:     4   Next: 92%
Magic:  0/11       EV: 15    Int: 19    God:
Gold:   32         SH:  0    Dex: 15    Spells: 10/13 levels left

rFire    . . .     SeeInvis .     - Unarmed
rCold    . . .     Gourm    .   (no shield)
rNeg     . . .     Faith    .   c - +0 robe
rPois    .         Spirit   .   (no helmet)
rElec    .         Reflect  .   (no cloak)
rCorr    .         Harm     .   (no gloves)
MR       .....                  (no boots)
Stlth    +++.......             (no amulet)
HPRegen  0.10/turn              (no ring)
MPRegen  0.12/turn              (no ring)

@: no status effects
A: distributed training, fangs 1, strong nose
a: no special abilities


You were on level 3 of the Dungeon.
You were not hungry.

You visited 1 branch of the dungeon, and saw 3 of its levels.

You collected 32 gold pieces.

Inventory:

Hand Weapons
 k - a +2 hand axe of electrocution
Missiles
 b - 17 stones (quivered)
Armour
 c - a +0 robe (worn)
Jewellery
 l - an uncursed amulet of rage {unknown}
Scrolls
 a - a scroll of recharging {!r, unknown}
 f - a scroll of teleportation {!r, unknown}
 j - 3 scrolls of fog {!r, unknown}
Potions
 h - a potion of haste {!q, unknown}
 i - a potion of heal wounds {!q, unknown}
 m - a potion of flight {!q, unknown}
Books
 e - a book of Geomancy

   Spells                             Type                      Level
   a - Sandblast                      Earth                        1
   b - Passwall                       Transmutation/Earth          2
   c - Stone Arrow                    Conjuration/Earth            3
   d - Petrify                        Transmutation/Earth          4
   e - Lee's Rapid Deconstruction     Earth                        5
Comestibles
 d - a bread ration
 g - a chunk of flesh


   Skills:
 + Level 1.2 Fighting
 + Level 1.2 Short Blades
 + Level 1.2 Long Blades
 + Level 1.2 Axes
 + Level 1.2 Maces & Flails
 + Level 1.2 Polearms
 + Level 1.2 Staves
 + Level 1.2 Slings
 + Level 1.2 Bows
 + Level 1.2 Crossbows
 + Level 1.2 Throwing
 + Level 1.2 Armour
 + Level 4.7 Dodging
 + Level 4.3 Stealth
 + Level 1.2 Shields
 + Level 1.2 Unarmed Combat
 + Level 5.1 Spellcasting
 + Level 1.2 Conjurations
 + Level 1.2 Hexes
 + Level 1.2 Charms
 + Level 1.2 Summonings
 + Level 1.2 Necromancy
 + Level 1.2 Translocations
 + Level 2.8 Transmutations
 + Level 1.2 Fire Magic
 + Level 1.2 Ice Magic
 + Level 1.2 Air Magic
 + Level 6.6 Earth Magic
 + Level 1.2 Poison Magic
 + Level 1.2 Invocations
 + Level 1.2 Evocations


You had 10 spell levels left.
You knew the following spells:

 Your Spells              Type           Power        Failure   Level  Hunger
a - Sandblast             Erth           ####..       1%          1    None
b - Passwall              Tmut/Erth      ###.......   2%          2    #......


Dungeon Overview and Level Annotations

Branches:
Dungeon (3/15)

Altars:
Ru


Innate Abilities, Weirdness & Mutations

Your experience applies equally to all skills.
You have very sharp teeth.
Your uncanny sense of smell can sniff out nearby items.


Message History

Aiming: Sandblast
Press: ? - help, Shift-Dir - straight line, f/p - orc wizard
Aim: an orc wizard, wielding a dagger and wearing a robe (heavily wounded, fast)
The blast of sand hits the orc wizard.
The orc wizard is heavily wounded.
b - 21 stones You hear a shout!
You hear a bark! x2
The orc wizard closely misses you. The orc closely misses you.
A hobgoblin comes into view.
Casting: Sandblast
Confirm with . or Enter, or press ? or * to list all spells.
Aiming: Sandblast
Press: ? - help, Shift-Dir - straight line, f/p - orc wizard
Aim: an orc wizard, wielding a dagger and wearing a robe (heavily wounded, fast)
The blast of sand hits the orc wizard.
The orc wizard is almost dead.
b - 20 stones The orc wizard casts a spell at you.
The magic dart hits you!
* * * LOW HITPOINT WARNING * * *
The orc wizard barely misses you. The orc closely misses you.
A jackal comes into view.
Okay, then.
You are too injured to fight recklessly!
Casting: Sandblast
Confirm with . or Enter, or press ? or * to list all spells.
You don't know that spell.
Casting: Sandblast
Confirm with . or Enter, or press ? or * to list all spells.
Aiming: Sandblast
Press: ? - help, Shift-Dir - straight line, f/p - orc wizard
Aim: an orc wizard, wielding a dagger and wearing a robe (almost dead, fast)
The blast of sand hits the orc wizard.
You kill the orc wizard!
b - 19 stones The orc misses you.
Things that are here:
a dagger; a robe
Found a leather armour.
An orc comes into view. It is wielding a dagger.
A jackal comes into view.
You are too injured to fight recklessly!
Unknown command.
Casting: Sandblast
Confirm with . or Enter, or press ? or * to list all spells.
Aiming: Sandblast
Press: ? - help, Shift-Dir - straight line, f - orc
Aim: an orc, wielding a dagger The blast of sand hits the orc.
You kill the orc!
b - 18 stones
Casting: Sandblast
Confirm with . or Enter, or press ? or * to list all spells.
Aiming: Sandblast
Press: ? - help, Shift-Dir - straight line, f - orc
Aim: an orc, wielding a dagger The blast of sand misses the orc.
b - 17 stones The orc hits you with a dagger.
* * * LOW HITPOINT WARNING * * *
You open the door.
An orc comes into view. It is wielding a club.
The orc hits you with a dagger.
You die...

.........# ........#
.......# .....o# ..... ∆
... #######+# #'#
........####@# ####
.........gho.# ....
........##########..####
.........)h.g..)<......#
......[.########h##..#.#
........# #?.. ...
......... ...... #
+#######. ........ .
........#


You could see 2 orcs, a jackal and a hobgoblin.

Vanquished Creatures
  2 orc wizards
  2 adders (D:2)
  3 worms (D:2)
  A dart slug (D:1)
  A leopard gecko (D:2)
  2 orcs
  A bat (D:2)
  A goblin (D:2)
  5 hobgoblins
  A kobold (D:1)
  A frilled lizard (D:1)
  8 rats
  A fungus (D:2)
29 creatures vanquished.

Notes
Turn   | Place    | Note
-------+----------+-------------------------------------------
     0 | D:1      | Amnesiac the Gnoll Earth Elementalist began the quest for the Orb.
     0 | D:1      | Reached XP level 1. HP: 13/13 MP: 6/6
   147 | D:1      | Reached XP level 2. HP: 12/19 MP: 7/7
   151 | D:1      | Learned a level 2 spell: Passwall
   529 | D:2      | Reached XP level 3. HP: 25/25 MP: 5/9
   534 | D:2      | Reached skill level 5 in Spellcasting
   675 | D:2      | Found a sacrificial altar of Ru.
   803 | D:2      | Reached skill level 1 in Fighting
   803 | D:2      | Reached skill level 1 in Short Blades
   803 | D:2      | Reached skill level 1 in Long Blades
   803 | D:2      | Reached skill level 1 in Axes
   803 | D:2      | Reached skill level 1 in Maces & Flails
   803 | D:2      | Reached skill level 1 in Polearms
   803 | D:2      | Reached skill level 1 in Staves
   803 | D:2      | Reached skill level 1 in Slings
   803 | D:2      | Reached skill level 1 in Bows
   803 | D:2      | Reached skill level 1 in Crossbows
   803 | D:2      | Reached skill level 1 in Throwing
   803 | D:2      | Reached skill level 1 in Armour
   803 | D:2      | Reached skill level 1 in Shields
   803 | D:2      | Reached skill level 1 in Unarmed Combat
   803 | D:2      | Reached skill level 1 in Conjurations
   803 | D:2      | Reached skill level 1 in Hexes
   803 | D:2      | Reached skill level 1 in Charms
   803 | D:2      | Reached skill level 1 in Summonings
   803 | D:2      | Reached skill level 1 in Necromancy
   803 | D:2      | Reached skill level 1 in Translocations
   803 | D:2      | Reached skill level 1 in Fire Magic
   803 | D:2      | Reached skill level 1 in Ice Magic
   803 | D:2      | Reached skill level 1 in Air Magic
   803 | D:2      | Reached skill level 1 in Poison Magic
   803 | D:2      | Reached skill level 1 in Invocations
   803 | D:2      | Reached skill level 1 in Evocations
   803 | D:2      | Reached XP level 4. HP: 31/32 MP: 3/11
   840 | D:3      | Slain by an orc

Vault maps used:
D:1:      dpeg_arrival_ratfight
D:2:      gammafunk_temple_overflow_arena, first_bread,
          nicolae_ru_the_path_less_chosen
D:3:      cheibrodos_sewer_entry_bend

Skill      XL: |  1  2  3 |
---------------+----------+-----
Spellcasting   | 5 |  5.1
Fighting       | 1 |  1.2
Short Blades   | 1 |  1.2
Long Blades    | 1 |  1.2
Axes           | 1 |  1.2
Maces & Flails | 1 |  1.2
Polearms       | 1 |  1.2
Staves         | 1 |  1.2
Slings         | 1 |  1.2
Bows           | 1 |  1.2
Crossbows      | 1 |  1.2
Throwing       | 1 |  1.2
Armour         | 1 |  1.2
Shields        | 1 |  1.2
Unarmed Combat | 1 |  1.2
Conjurations   | 1 |  1.2
Hexes          | 1 |  1.2
Charms         | 1 |  1.2
Summonings     | 1 |  1.2
Necromancy     | 1 |  1.2
Translocations | 1 |  1.2
Fire Magic     | 1 |  1.2
Ice Magic      | 1 |  1.2
Air Magic      | 1 |  1.2
Poison Magic   | 1 |  1.2
Invocations    | 1 |  1.2
Evocations     | 1 |  1.2
Dodging        | |  4.7
Stealth        | |  4.3
Transmutations | |  2.8
Earth Magic    | |  6.6

Action                   |  1- 3 |  4- 6 || total
-------------------------+-------+-------++-------
Melee: Unarmed           |    71 |       ||    71
       Bite              |    10 |       ||    10
 Cast: Sandblast         |    17 |     9 ||    26
 Stab: Sleeping          |     5 |       ||     5
Armor: Robe              |     2 |       ||     2
Dodge: Dodged            |    19 |     7 ||    26

Table legend:
 A = Spawn XP
 B = Non-spawn XP
 C = Spawn XP percentage of total XP
 D = Spawn monster count
 E = Non-spawn monster count
 F = Spawn count percentage of total count
 G = Total turns spent on level
                    A         B        C        D         E        F      G
               +---------+---------+-------+---------+---------+-------+---------
         Total |       0 |     159 |   0.0 |       0 |      28 |   0.0 |   840
               +---------+---------+-------+---------+---------+-------+---------
           D:1 |       0 |      20 |   0.0 |       0 |      13 |   0.0 |   519
           D:2 |       0 |      96 |   0.0 |       0 |      13 |   0.0 |   299
           D:3 |       0 |      43 |   0.0 |       0 |       2 |   0.0 |    22
               +---------+---------+-------+---------+---------+-------+---------
